 Dungeon Crawl Stone Soup version 0.23.2-11-gf996548c65 (webtiles) character file.

Game seed: 13961055077381367934

4983 TrebMcFLY the Cleaver (level 10, 29/91 HPs)
             Began as a Deep Dwarf Berserker on June 4, 2019.
             Was a Priest of Trog.
             Quit the game on level 7 of the Dungeon.
             The game lasted 00:22:00 (5743 turns).

TrebMcFLY the Cleaver (Deep Dwarf Berserker)        Turns: 5743, Time: 00:22:01

Health: 29/91      AC: 18    Str: 28    XL:     10   Next: 29%
Magic:  14/21 (12) EV:  8    Int: 12    God:    Trog [***...]
Gold:   409        SH: 10    Dex:  9    Spells: 9/9 levels left

rFire    + . .     SeeInvis +   N - +3 hand axe of Quantum Leap {drain, Fragile MP+9 Str+5 SInv} (curse)
rCold    + . .     Gourm    .   y - +0 shield
rNeg     . . .     Faith    .   s - +0 plate armour "Suurchuorr" {rC++ Int+3 Dex-3 Stlth+} (curse)
rPois    .         Spirit   .   j - +0 helmet
rElec    .         Reflect  .   E - +0 cloak {+Inv}
rCorr    .         Harm     .   (no gloves)
MR       +++..                  G - +1 pair of boots {Stlth+}
Stlth    ..........             (no amulet)
HPRegen  1.00/turn              t - ring of fire
MPRegen  0.17/turn              b - ring of attention (curse)

@: non-regenerating
A: damage resistance, heal wounds, sense surroundings 2, no regeneration
a: Heal Wounds, Berserk, Trog's Hand, Renounce Religion, Evoke Invisibility


You were on level 7 of the Dungeon.
You worshipped Trog.
Trog was most pleased with you.
You were hungry.

You visited 1 branch of the dungeon, and saw 7 of its levels.

You collected 474 gold pieces.
You spent 65 gold pieces at shops.

Inventory:

Hand Weapons
 x - a +2 hand axe of venom
 D - the +2 mace of the Forgotten Beggars {speed, rC+ MR+}
   (You found it on level 6 of the Dungeon)

   Attacks with this weapon are significantly faster.
   It protects you from cold.
   It affects your resistance to hostile enchantments.
 N - the cursed +3 hand axe of Quantum Leap (weapon) {drain, Fragile MP+9 Str+5 SInv}
   (You found it on level 7 of the Dungeon)

   A truly terrible weapon, it drains the life of those it strikes.
   It affects your strength (+5).
   It affects your magic capacity (+9).
   It lets you see invisible.
   It will be destroyed if unequipped.
   It has a curse placed upon it.
Armour
 j - a +0 helmet (worn)
 s - the cursed +0 plate armour "Suurchuorr" (worn) {rC++ Int+3 Dex-3 Stlth+}
   (You found it on level 7 of the Dungeon)

   It affects your intelligence (+3).
   It affects your dexterity (-3).
   It greatly protects you from cold.
   It makes you more stealthy.
   It has a curse placed upon it.
 w - a +4 chain mail of fire resistance
 y - a +0 shield (worn)
 E - a +0 cloak of invisibility (worn)
 G - a +1 pair of boots of stealth (worn)
Jewellery
 b - a cursed ring of attention (right hand)
 h - a +4 ring of protection
 q - an uncursed ring of resist corrosion
 t - a ring of fire (left hand)
Wands
 a - a wand of iceblast (10)
 B - a wand of random effects (32)
 C - a wand of polymorph (4)
Scrolls
 d - 5 scrolls of fear {unknown}
 e - 9 scrolls of identify {unknown}
 f - a scroll of noise {unknown}
 g - 3 scrolls of blinking {unknown}
 k - 3 scrolls of enchant weapon {unknown}
 o - 2 scrolls of teleportation {unknown}
 r - 6 scrolls of remove curse {unknown}
 u - 2 scrolls of amnesia {unknown}
 A - a scroll of random uselessness {unknown}
 K - a scroll of magic mapping {unknown}
 M - a scroll of immolation {unknown}
Potions
 i - a potion of resistance {unknown}
 l - a potion of agility {unknown}
 m - 6 potions of curing {unknown}
 n - 2 potions of heal wounds
 p - a potion of mutation {unknown}
 v - 3 potions of degeneration {unknown}
 z - a potion of cancellation {unknown}
 F - a potion of flight {unknown}
 H - a potion of berserk rage {unknown}
 I - a potion of brilliance {unknown}
 J - a potion of haste {unknown}
Comestibles
 c - 15 rations
 L - 2 chunks of flesh


   Skills:
 + Level 6.2 Fighting
 * Level 10.1 Axes
 + Level 6.9 Armour
 + Level 7.0 Dodging
 + Level 5.6 Shields
 + Level 5.0 Evocations


You had 9 spell levels left.
You didn't know any spells.
Your spell library was empty.

Dungeon Overview and Level Annotations

Branches:
Dungeon (7/15)             Temple (0/1) D:7

Altars:
Ashenzari
Gozag
Kikubaaqudgha
Makhleb
Sif Muna
Trog
Wu Jian
Yredelemnul
Zin

Shops:
D:4 !   D:5 [


Innate Abilities, Weirdness & Mutations

You are resistant to damage.
You can heal yourself by infusing magical energy.
You passively map the area around you.
You do not regenerate.


Message History

Trog accepts your kill.
Your Evocations skill increases to level 5!
Found an escape hatch in the floor.
M - a scroll labeled PAOROE EGROBO You see here a crude hand axe.
N - a crude hand axe Wield which item (- for none, * to show all)? (? for menu, Esc to quit)
Your +2 hand axe of venom stops dripping with poison.
You feel your magic capacity increase.
You feel stronger.
You sense an unholy aura.
It sticks to your hand!
N - the cursed +3 hand axe of Quantum Leap (weapon)
{drain, Fragile MP+9 Str+5 SInv} Your skin crawls.
You feel resistant to hostile enchantments.
You feel quite a bit more hungry.
Saving game... please wait.
Welcome back, TrebMcFLY the Deep Dwarf Berserker.
Trog says: Kill them all!
Press ? for a list of commands and other information.
Are you sure you want to abandon this character and quit the game? (Confirm with "yes".)

* *** ##### ,, ,
....##### * ** * #.....#
##### #.....# #.>.#
#....@# #...# #.#####
#...#####.# #.........#
###.......# #########
#.......##########
#........ ***
#................#
#.#######
,...............####.#
#.# #
####......####..###.###.#


There were no monsters in sight!

Vanquished Creatures
  Pikel (D:4)
  A gargoyle (D:7)
  3 hippogriffs (D:7)
  A slime creature (D:7)
  A human (D:7)
  Eustachio (D:6)
  A basilisk (D:7)
  4 hogs (D:7)
  A hungry ghost (D:7)
  Edmund (D:4)
  An orc warrior (D:7)
  3 ice beasts
  2 phantoms (D:7)
  3 slaves (D:4)
  An eye of draining (D:7)
  5 ogres
  Blork the orc (D:4)
  A big kobold (D:3)
  3 bullfrogs
  A wyvern zombie (D:7)
  A water moccasin zombie (D:5)
  A water moccasin skeleton (D:7)
  A scorpion (D:5)
  A wight (D:7)
  A howler monkey (D:6)
  A crimson imp (D:5)
  3 orc priests
  Crazy Yiuf (D:6)
  A centaur skeleton (D:4)
  A hound (D:4)
  3 orc wizards
  Natasha (thrice) (D:4)
  3 worker ants
  A hound zombie (D:7)
  A hound skeleton (D:5)
  A worker ant zombie (D:6)
  3 gnolls (D:5)
  A howler monkey skeleton (D:7)
  2 adders
  A shadow imp (D:7)
  2 adder skeletons
  6 worms
  2 dart slugs
  3 leopard geckos (D:4)
  10 orcs
  A ball python (D:3)
  7 giant cockroaches
  5 goblins
  9 hobgoblins
  7 jackals
  6 kobolds
  2 quokkas (D:2)
  7 bats
  3 frilled lizards
  A leopard gecko zombie (D:6)
  A quokka skeleton (D:5)
  12 rats
  A spectral orc (D:4)
152 creatures vanquished.

Notes
Turn   | Place    | Note
-------+----------+-------------------------------------------
     0 | D:1      | TrebMcFLY the Deep Dwarf Berserker began the quest for the
                  | Orb.
     0 | D:1      | Reached XP level 1. HP: 20/20 MP: 1/1
   112 | D:1      | Reached XP level 2. HP: 12/27 MP: 2/2
   676 | D:2      | Reached XP level 3. HP: 12/33 MP: 3/3
   688 | D:1      | Reached ** piety under Trog
   727 | D:2      | Reached skill level 4 in Axes
   895 | D:2      | Found a shattered altar of Ashenzari.
  1054 | D:2      | Noticed a moth of wrath
  1057 | D:2      | Found a bloodstained altar of Trog.
  1090 | D:2      | HP: 1/34 [rat (2)]
  1091 | D:2      | Reached XP level 4. HP: 1/42 MP: 3/3
  2063 | D:3      | Found a deep blue altar of Sif Muna.
  2160 | D:4      | Found a glowing silver altar of Zin.
  2160 | D:4      | Noticed an angel
  2171 | D:4      | Noticed a slave
  2171 | D:4      | Noticed a big kobold
  2172 | D:4      | Noticed Pikel
  2172 | D:4      | Noticed a slave
  2172 | D:4      | Noticed a slave
  2213 | D:3      | Killed a big kobold
  2213 | D:3      | Reached XP level 5. HP: 46/49 MP: 4/4
  2250 | D:4      | Noticed a slave
  2274 | D:4      | Killed a slave
  2308 | D:4      | Reached skill level 5 in Axes
  2365 | D:4      | Noticed Edmund
  2381 | D:4      | Killed Edmund
  2381 | D:4      | Reached XP level 6. HP: 57/57 MP: 5/5
  2573 | D:4      | Reached *** piety under Trog
  2611 | D:4      | Found a basalt altar of Yredelemnul.
  2686 | D:4      | Noticed Blork the orc
  2695 | D:4      | Killed Blork the orc
  2695 | D:4      | Reached skill level 6 in Axes
  2812 | D:4      | Found Nutru Yxko's Distillery.
  2822 | D:4      | Noticed Natasha
  2836 | D:4      | Killed Natasha
  2836 | D:4      | Reached XP level 7. HP: 50/64 MP: 6/6
  2844 | D:4      | Bought a potion of heal wounds for 65 gold pieces
  2932 | D:4      | Reached skill level 1 in Shields
  3017 | D:4      | Noticed Natasha
  3029 | D:4      | Killed Natasha
  3040 | D:4      | Noticed Natasha
  3049 | D:4      | Killed Natasha
  3265 | D:4      | Killed Pikel
  3265 | D:4      | Reached skill level 7 in Axes
  3265 | D:4      | Reached XP level 8. HP: 66/73 MP: 7/7
  3295 | D:4      | Reached skill level 5 in Dodging
  3429 | D:5      | Entered Level 5 of the Dungeon
  3477 | D:5      | Reached skill level 5 in Armour
  3496 | D:5      | Found an ornate altar of the Wu Jian Council.
  3501 | D:5      | Found an ancient bone altar of Kikubaaqudgha.
  3505 | D:5      | Found an opulent altar of Gozag.
  3696 | D:5      | Found Bopsan's Antique Armour Shoppe.
  3866 | D:5      | Reached skill level 5 in Fighting
  4100 | D:6      | Found a runed translucent door.
  4101 | D:6      | Noticed Crazy Yiuf
  4110 | D:6      | Killed Crazy Yiuf
  4117 | D:6      | Got an iridescent mace
  4187 | D:6      | Noticed Eustachio
  4194 | D:6      | Reached skill level 8 in Axes
  4194 | D:6      | Reached skill level 1 in Evocations
  4199 | D:6      | Killed Eustachio
  4299 | D:6      | Identified the +2 mace of the Forgotten Beggars {speed, rC+
                  | MR+} (You found it on level 6 of the Dungeon)
  4465 | D:6      | Gained mutation: You passively map the area around you.
                  | [Deep Dwarf growth]
  4465 | D:6      | Reached XP level 9. HP: 26/81 MP: 9/9
  4764 | D:7      | Reached skill level 9 in Axes
  4977 | D:7      | Found a staircase to the Ecumenical Temple.
  5090 | D:7      | Reached skill level 5 in Shields
  5103 | D:7      | Reached XP level 10. HP: 71/91 MP: 0/12
  5121 | D:7      | Noticed a gargoyle
  5159 | D:7      | Killed a gargoyle
  5203 | D:7      | Got a distressingly furry plate armour
  5216 | D:7      | Identified the cursed +0 plate armour "Suurchuorr" {rC++
                  | Int+3 Dex-3 Stlth+} (You found it on level 7 of the
                  | Dungeon)
  5315 | D:7      | Reached **** piety under Trog
  5358 | D:7      | Reached skill level 10 in Axes
  5410 | D:7      | Found a runed translucent door.
  5410 | D:7      | Found a runed translucent door.
  5629 | D:7      | Found a burning altar of Makhleb.
  5714 | D:7      | Reached skill level 5 in Evocations
  5727 | D:7      | Got a crude hand axe
  5728 | D:7      | Identified the cursed +3 hand axe of Quantum Leap {drain,
                  | Fragile MP+9 Str+5 SInv} (You found it on level 7 of the
                  | Dungeon)
  5743 | D:7      | Quit the game

Skill      XL: |  1  2  3  4  5  6  7  8  9 10 |
---------------+-------------------------------+-----
Fighting       | 3 4 5 6 |  6.2
Axes           | 4 5 6 7 8 9 10 | 10.1
Dodging        | 3 4 5 6 7 |  7.0
Armour         | 3 4 5 6 |  6.9
Shields        | 2 3 5 |  5.6
Evocations     | 1 4 5 |  5.0

Action                   |  1- 3 |  4- 6 |  7- 9 | 10-12 || total
-------------------------+-------+-------+-------+-------++-------
Melee: Hand axe          |   144 |   178 |   225 |   147 ||   694
       Mace              |       |       |    55 |       ||    55
Invok: Berserk           |     1 |     2 |     4 |     1 ||     8
       Trog's Hand       |       |     5 |     7 |     3 ||    15
 Abil: Heal Wounds       |     1 |       |       |     1 ||     2
 Stab: Sleeping          |     1 |       |       |       ||     1
  Eat: Chunk             |     1 |    10 |    13 |     1 ||    25
       Ration            |       |       |       |     2 ||     2
Armor: Animal skin       |     5 |       |       |       ||     5
       Scale mail        |    60 |     3 |       |       ||    63
       Chain mail        |       |   102 |    84 |     5 ||   191
       Plate armour      |       |       |       |    38 ||    38
Dodge: Dodged            |    87 |    81 |    56 |    27 ||   251
Block: Shield            |       |     4 |   108 |    59 ||   171
